NCAA
NORTH CAROLINA STATE WOLFPACK @ VANDERBILT COMMODORES
04/23/2024
 
TOP OF THE 1ST
North Carolina State Wolfpack batting - Pitching for Vanderbilt Commodores : RHP Ronald Wilder
Pitching: RHP Ronald Wilder
Batting: RHB Rafael Rosário 0-0: Called Strike
0-1: Bunted foul
0-2: SINGLE (Line Drive, 56)
Batting: RHB Richard Heath 0-0: Ball
1-0: Grounds into double play, 5-4-3 (Groundball, 56)
Batting: RHB Javier Morales 0-0: Ball
1-0: Foul Ball, location: 2F
1-1: Foul Ball, location: 2F
1-2: Ball
2-2: Ball
3-2: Base on Balls
Batting: LHB Danny Bane 0-0: Called Strike
0-1: Ball
1-1: Foul Ball, location: 2F
1-2: Ball
2-2: Fly out, F7 (Flyball, 7S)
Top of the 1st over - 0 run(s), 1 hit(s), 0 error(s), 1 left on base; North Carolina State 0 - Vanderbilt 0
BOTTOM OF THE 1ST
Vanderbilt Commodores batting - Pitching for North Carolina State Wolfpack : RHP Steve Chase
Pitching: RHP Steve Chase
Batting: LHB Robbie Turner 0-0: Ball
1-0: Ball
2-0: Called Strike
2-1: Foul Ball, location: 2F
2-2: Fly out, F8 (Flyball, 8RM)
Batting: SHB Marvin López 0-0: Ball
1-0: Ball
2-0: Swinging Strike
2-1: Swinging Strike
2-2: Ball
3-2: Strikes out swinging
Batting: RHB Andy Toledo 0-0: Called Strike
0-1: Ball
1-1: Ball
2-1: Foul Ball, location: 2F
2-2: Fly out, F9 (Flyball, 9D)
Bottom of the 1st over - 0 run(s), 0 hit(s), 0 error(s), 0 left on base; North Carolina State 0 - Vanderbilt 0
TOP OF THE 2ND
North Carolina State Wolfpack batting - Pitching for Vanderbilt Commodores : RHP Ronald Wilder
Batting: RHB Donald Hoover 0-0: Ground out 6-3 (Groundball, 6)
Batting: LHB Frank Jackson 0-0: Ball
1-0: Swinging Strike
1-1: SINGLE (Groundball, 56D)
Batting: RHB Dennis Mays 0-0: Ball
1-0: Ball
2-0: Grounds into double play, 6-4-3 (Groundball, 6)
Top of the 2nd over - 0 run(s), 1 hit(s), 0 error(s), 0 left on base; North Carolina State 0 - Vanderbilt 0
BOTTOM OF THE 2ND
Vanderbilt Commodores batting - Pitching for North Carolina State Wolfpack : RHP Steve Chase
Batting: SHB David Jones 0-0: Called Strike
0-1: Swinging Strike
0-2: Strikes out swinging
Batting: LHB Micah Brantley 0-0: Called Strike
0-1: Fly out, F8 (Line Drive, 89M)
Batting: RHB Dalton Gray 0-0: Ball
1-0: Swinging Strike
1-1: Ball
2-1: Ball
3-1: Called Strike
3-2: Strikes out looking
Bottom of the 2nd over - 0 run(s), 0 hit(s), 0 error(s), 0 left on base; North Carolina State 0 - Vanderbilt 0
TOP OF THE 3RD
North Carolina State Wolfpack batting - Pitching for Vanderbilt Commodores : RHP Ronald Wilder
Batting: RHB Scott Lee 0-0: Ground out 4-3 (Groundball, 4)
Batting: RHB David Vélez 0-0: Swinging Strike
0-1: Ground out 5-3 (Groundball, 15S)
Batting: RHB Rafael Rosário 0-0: Ball
1-0: Called Strike
1-1: Ball
2-1: Fly out, F8 (Flyball, 89S)
Top of the 3rd over - 0 run(s), 0 hit(s), 0 error(s), 0 left on base; North Carolina State 0 - Vanderbilt 0
BOTTOM OF THE 3RD
Vanderbilt Commodores batting - Pitching for North Carolina State Wolfpack : RHP Steve Chase
Batting: RHB Herman Parker 0-0: Ball
1-0: Fly out, F9 (Flyball, 9LM)
Batting: LHB Will Holt 0-0: Swinging Strike
0-1: Ball
1-1: Foul Ball, location: 2F
1-2: Strikes out swinging
Batting: RHB Robert Warner 0-0: SINGLE (Line Drive, 7S)
Batting: LHB Robbie Turner 0-0: Ball
1-0: Ball
2-0: Called Strike
2-1: Ball
3-1: Base on Balls
Robert Warner to second
Batting: SHB Marvin López 0-0: Ball
1-0: Foul Ball, location: 2F
1-1: Foul Ball, location: 2F
1-2: Fly out, F7 (Flyball, 7LD)
Bottom of the 3rd over - 0 run(s), 1 hit(s), 0 error(s), 2 left on base; North Carolina State 0 - Vanderbilt 0
TOP OF THE 4TH
North Carolina State Wolfpack batting - Pitching for Vanderbilt Commodores : RHP Ronald Wilder
Batting: RHB Richard Heath 0-0: Ball
1-0: SINGLE (Line Drive, 4D)
Batting: RHB Javier Morales 0-0: Ball
1-0: Foul Ball, location: 2F
1-1: Ball
2-1: Foul Ball, location: 2F
2-2: Strikes out swinging
Batting: LHB Danny Bane 0-0: Ball
1-0: Called Strike
1-1: Ball
2-1: Ball
3-1: Base on Balls
Richard Heath to second
Batting: RHB Donald Hoover 0-0: Ball
1-0: Ball
2-0: Ground out U3 (Groundball, 3S)
Richard Heath to third
Danny Bane to second
Batting: LHB Frank Jackson 0-0: Ball
1-0: Ball
2-0: Swinging Strike
2-1: Ball
3-1: Foul Ball, location: 2F
3-2: Base on Balls
Batting: RHB Dennis Mays 0-0: Foul Ball, location: 2F
0-1: Ground out 6-3 (Groundball, 6)
Top of the 4th over - 0 run(s), 1 hit(s), 0 error(s), 3 left on base; North Carolina State 0 - Vanderbilt 0
BOTTOM OF THE 4TH
Vanderbilt Commodores batting - Pitching for North Carolina State Wolfpack : RHP Steve Chase
Batting: RHB Andy Toledo 0-0: Ball
1-0: Ball
2-0: Ball
3-0: Base on Balls
Batting: SHB David Jones 0-0: Ball
1-0: Ball
2-0: Fly out, F7 (Flyball, 7M)
Batting: LHB Micah Brantley 0-0: SINGLE (Groundball, 56D) (infield hit)
Andy Toledo to second
Batting: RHB Dalton Gray 0-0: Grounds into double play, 6-4-3 (Groundball, 6)
Bottom of the 4th over - 0 run(s), 1 hit(s), 0 error(s), 1 left on base; North Carolina State 0 - Vanderbilt 0
TOP OF THE 5TH
North Carolina State Wolfpack batting - Pitching for Vanderbilt Commodores : RHP Ronald Wilder
Batting: RHB Scott Lee 0-0: Swinging Strike
0-1: Fly out, F9 (Flyball, 9M)
Batting: RHB David Vélez 0-0: SINGLE (Flyball, 9LS)
Batting: RHB Rafael Rosário 0-0: Ball
1-0: Ball
Wild Pitch!
David Vélez to second
2-0: Hit by Pitch
Batting: RHB Richard Heath 0-0: Called Strike
0-1: Ball
1-1: Ball
2-1: Swinging Strike
2-2: Ball
3-2: Strikes out swinging
Batting: RHB Javier Morales 0-0: Fly out, F3 (Popup, 4S)
Top of the 5th over - 0 run(s), 1 hit(s), 0 error(s), 2 left on base; North Carolina State 0 - Vanderbilt 0
BOTTOM OF THE 5TH
Vanderbilt Commodores batting - Pitching for North Carolina State Wolfpack : RHP Steve Chase
Batting: RHB Herman Parker 0-0: Swinging Strike
0-1: Ball
1-1: Swinging Strike
1-2: Foul Ball, location: 2F
1-2: Foul Ball, location: 2F
1-2: Foul Ball, location: 2F
1-2: Ball
2-2: Ball
3-2: Foul Ball, location: 2F
3-2: Strikes out swinging
Batting: LHB Will Holt 0-0: Ball
1-0: SINGLE (Flyball, 8LS)
Batting: RHB Robert Warner 0-0: Called Strike
0-1: Ball
1-1: Ball
2-1: Called Strike
2-2: Foul Ball, location: 2F
2-2: SINGLE (Line Drive, 78S)
Will Holt to second
Batting: LHB Robbie Turner 0-0: Fly out, F6 (Popup, 4MD)
Batting: SHB Marvin López 0-0: Foul Ball, location: 2F
0-1: Fly out, F5 (Popup, 5F)
Bottom of the 5th over - 0 run(s), 2 hit(s), 0 error(s), 2 left on base; North Carolina State 0 - Vanderbilt 0
TOP OF THE 6TH
North Carolina State Wolfpack batting - Pitching for Vanderbilt Commodores : RHP Ronald Wilder
Batting: LHB Danny Bane 0-0: Ball
1-0: Foul Ball, location: 2F
1-1: Swinging Strike
1-2: Strikes out swinging
Batting: RHB Donald Hoover 0-0: Called Strike
0-1: Called Strike
0-2: SINGLE (Line Drive, 9S)
Batting: LHB Frank Jackson 0-0: Ball
1-0: Fielders Choice at 2nd, 1-6 (Groundball, 15)
Batting: RHB Dennis Mays 0-0: Ball
1-0: Fly out, F9 (Line Drive, 9M)
Top of the 6th over - 0 run(s), 1 hit(s), 0 error(s), 1 left on base; North Carolina State 0 - Vanderbilt 0
BOTTOM OF THE 6TH
Vanderbilt Commodores batting - Pitching for North Carolina State Wolfpack : RHP Steve Chase
Batting: RHB Andy Toledo 0-0: Called Strike
0-1: Ground out 5-3 (Groundball, 56)
Batting: SHB David Jones 0-0: Ground out 6-3 (Groundball, 6M)
Batting: LHB Micah Brantley 0-0: Fly out, F8 (Line Drive, 8RM)
Bottom of the 6th over - 0 run(s), 0 hit(s), 0 error(s), 0 left on base; North Carolina State 0 - Vanderbilt 0
TOP OF THE 7TH
North Carolina State Wolfpack batting - Pitching for Vanderbilt Commodores : RHP Ronald Wilder
Batting: RHB Scott Lee 0-0: Ball
1-0: Fly out, F6 (Popup, 6D)
Batting: RHB David Vélez 0-0: Called Strike
0-1: Ball
1-1: Foul Ball, location: 2F
1-2: SOLO HOME RUN (Flyball, 89XD), Distance : 369 ft
Pitching: RHP Alan Ford
Batting: RHB Rafael Rosário 0-0: Ball
1-0: Ball
2-0: Ball
3-0: Base on Balls
Batting: RHB Richard Heath 0-0: Grounds into double play, 6-4-3 (Groundball, 6M)
Top of the 7th over - 1 run(s), 1 hit(s), 0 error(s), 0 left on base; North Carolina State 1 - Vanderbilt 0
BOTTOM OF THE 7TH
Vanderbilt Commodores batting - Pitching for North Carolina State Wolfpack : RHP Steve Chase
Batting: RHB Dalton Gray 0-0: Ball
1-0: Ball
2-0: Foul Ball, location: 2F
2-1: Ground out 4-3 (Groundball, 4M)
Pitching: RHP Brit Torres
Batting: RHB Herman Parker 0-0: DOUBLE (Line Drive, 7LS)
Batting: LHB Will Holt 0-0: Called Strike
0-1: SINGLE (Groundball, 15S) (infield hit)
Herman Parker to third
Batting: RHB Robert Warner 0-0: Ball
Wild Pitch!
Herman Parker scores
Will Holt to second
1-0: Called Strike
1-1: Swinging Strike
1-2: Strikes out swinging
Batting: LHB Robbie Turner 0-0: Called Strike
0-1: SINGLE (Line Drive, 89S)
Will Holt to third
Batting: SHB Marvin López 0-0: Foul Ball, location: 2F
0-1: Ball
1-1: Ball
2-1: Ball
3-1: Swinging Strike
3-2: Foul Ball, location: 2F
3-2: Foul Ball, location: 2F
3-2: Foul Ball, location: 2F
3-2: Base on Balls
Robbie Turner to second
Batting: RHB Andy Toledo 0-0: Ball
1-0: Ball
2-0: SINGLE (Groundball, 4M) (infield hit)
Will Holt scores
Robbie Turner to third
Marvin López to second
Pitching: RHP Les Madrid
Batting: SHB David Jones 0-0: Ball
1-0: Foul Ball, location: 2F
1-1: Fly out, F5 (Popup, 5F)
Bottom of the 7th over - 2 run(s), 4 hit(s), 0 error(s), 3 left on base; North Carolina State 1 - Vanderbilt 2
TOP OF THE 8TH
North Carolina State Wolfpack batting - Pitching for Vanderbilt Commodores : RHP Alan Ford
Pitching: RHP Vic Bradshaw
Now at 1B: António Williams
Batting: RHB Javier Morales 0-0: Fly out, F8 (Line Drive, 8LM)
Pitching: LHP Donald Joseph
Batting: LHB Danny Bane 0-0: SINGLE (Groundball, 6MD)
Pitching: RHP Corey Goguen
Batting: RHB Donald Hoover 0-0: Ball
1-0: Ball
2-0: Ground out U3 (Groundball, 3S)
Danny Bane to second
Pitching: LHP Joe Phillips
Pinch Hitting: RHB José Espinoza 0-0: Ball
1-0: Called Strike
1-1: Ball
2-1: Foul Ball, location: 2F
2-2: Strikes out swinging
Top of the 8th over - 0 run(s), 1 hit(s), 0 error(s), 1 left on base; North Carolina State 1 - Vanderbilt 2
BOTTOM OF THE 8TH
Vanderbilt Commodores batting - Pitching for North Carolina State Wolfpack : RHP Les Madrid
Now in RF: Dawson Fowler
Batting: LHB Micah Brantley 0-0: Ball
1-0: SINGLE (Line Drive, 34D)
Batting: RHB Dalton Gray 0-0: Ball
1-0: Called Strike
1-1: Bunted foul
1-2: Ball
2-2: Ball
Micah Brantley is caught stealing 2nd base
3-2: Foul Ball, location: 2F
3-2: Base on Balls
Batting: RHB Herman Parker 0-0: Ball
1-0: Ball
2-0: SINGLE (Flyball, 78S)
Dalton Gray to second
Batting: LHB Will Holt 0-0: SINGLE (Line Drive, 78S)
Dalton Gray to third
Herman Parker to second
Batting: RHB Robert Warner 0-0: Ball
1-0: Fly out, F9 (Flyball, 9S)
Batting: LHB Robbie Turner 0-0: Called Strike
0-1: Ball
1-1: Swinging Strike
1-2: Strikes out swinging
Bottom of the 8th over - 0 run(s), 3 hit(s), 0 error(s), 3 left on base; North Carolina State 1 - Vanderbilt 2
TOP OF THE 9TH
North Carolina State Wolfpack batting - Pitching for Vanderbilt Commodores : LHP Joe Phillips
Pitching: RHP Don Belmore
Batting: RHB Dennis Mays 0-0: Swinging Strike
0-1: Foul Ball, location: 2F
0-2: SINGLE (Groundball, 5D)
Batting: RHB Scott Lee 0-0: Ball
1-0: Called Strike
1-1: Sac Bunt - play at first, batter safe!
Dennis Mays to second
Batting: RHB David Vélez 0-0: Ball
1-0: Bunted foul
1-1: Bunt - Flyout! F1
Batting: RHB Rafael Rosário 0-0: Ball
1-0: Called Strike
1-1: Foul Ball, location: 2F
1-2: Strikes out swinging
Batting: RHB Richard Heath 0-0: Ball
1-0: Swinging Strike
1-1: Ball
2-1: Foul Ball, location: 2F
2-2: Foul Ball, location: 2F
2-2: Ball
3-2: Strikes out swinging
Top of the 9th over - 0 run(s), 2 hit(s), 0 error(s), 2 left on base; North Carolina State 1 - Vanderbilt 2
This league is powered by Out of the Park Baseball, the baseball management simulation game for PC, Mac and Linux
Saturday, April 9th, 2016 - OOTP Baseball 16.8 Build 38